 Dungeon Crawl Stone Soup version 0.30-a0-12-gd8047c6341 (webtiles) character file.

Game seed: 13005028367571560818

210 NinjaNoafa the Changer (level 5, -3/37 HPs)
             Began as a Merfolk Venom Mage on Aug 23, 2022.
             Slain by a gnoll
             ... wielding a +0 whip
              (8 damage)
             ... on level 2 of the Dungeon.
             The game lasted 00:06:01 (964 turns).

NinjaNoafa the Changer (Merfolk Venom Mage)          Turns: 964, Time: 00:06:02

Health: -3/37      AC:  4    Str:  9    XL:     5   Next: 87%
Magic:  6/8        EV: 13    Int: 16    God:
Gold:   42         SH:  5    Dex: 14    Spells: 7/8 levels left

rFire   . . .      SeeInvis .    c - +2 sling (freeze)
rCold   . . .      Faith    .    (no shield)
rNeg    . . .      Spirit   .    a - +0 robe
rPois   .          Reflect  +    (no helmet)
rElec   .          Harm     .    (no cloak)
rCorr   .          Rampage  .    (no gloves)
Will    .....                    (no boots)
Stlth   ++........               d - amulet of reflection
HPRegen 0.12/turn                (no ring)
MPRegen 0.11/turn                (no ring)

@: no status effects
A: (nimble swimmer 2), mertail, iridescent scales 1, subdued magic 1
a: no special abilities


You were on level 2 of the Dungeon.
You visited 1 branch of the dungeon, and saw 2 of its levels.

You collected 42 gold pieces.

Inventory:

Hand Weapons
 c - a +2 sling of freezing (weapon)
Missiles
 f - 25 stones
Armour
 a - a +0 robe (worn)
Jewellery
 d - an amulet of reflection (around neck)
Scrolls
 h - a scroll of magic mapping
 k - a scroll of vulnerability
Potions
 b - a potion of magic


   Skills:
 - Level 1.0 Fighting
 - Level 3.0 Dodging
 - Level 3.0 Stealth
 - Level 2.0 Spellcasting
 - Level 5.0 Transmutations
 + Level 0.0 Air Magic
 + Level 5.0 Poison Magic


You had 7 spell levels left.
You knew the following spells:

 Your Spells              Type           Power      Damage    Failure   Level
a - Sting                 Tmut/Pois      52%        1d5       1%          1

Your spell library contained the following spells:

 Spells                   Type           Power      Damage    Failure   Level
 Poisonous Vapours        Pois/Air       14%        N/A       9%          2
 Olgreb's Toxic Radiance  Pois           13%        N/A       22%         4
 Mephitic Cloud           Conj/Pois/Air  5%         N/A       26%         3


Dungeon Overview and Level Annotations

Branches:
Dungeon (2/15)

Altars:
Cheibriados

Annotations:
D:2 Jessica, Natasha


Innate Abilities, Weirdness & Mutations

((You are very nimble when in or above water. (Stealth+, EV+, Speed+++)))
Your lower body shifts to a powerful aquatic tail in water.
You are partially covered in iridescent scales. (AC +2)
Your spells are a little easier to cast, but a little less powerful.


Message History

The gnoll is severely wounded.
The gnoll hits you with a +0 whip!
The gnoll hits you from afar with a +0 spear.
Casting: Sting (safe; 2% risk of failure)
Confirm with . or Enter, or press ? or * to list all spells.
Aiming: Sting (safe; 2% risk of failure)
Press: ? - help, Shift-Dir - straight line, f/p - gnoll
Aim: a gnoll, wielding a +0 whip (severely wounded, 77% to hit)
The sting misses the gnoll.
The gnoll closely misses you.
The gnoll hits you from afar with a +0 spear.
* * * LOW HITPOINT WARNING * * *
The gnoll misses you.
You feel better.
The gnoll looks more healthy.
The gnoll hits you with a +0 whip.
The gnoll hits you from afar with a +0 spear!
* * * LOW HITPOINT WARNING * * *
It was a potion of mutation.
You feel extremely strange.
Iridescent scales grow over part of your body.
Your connection to magic feels subdued.
The gnoll barely misses you.
The gnoll hits you from afar with a +0 spear.
* * * LOW HITPOINT WARNING * * *
You feel better. The gnoll hits you with a +0 whip!
* * * LOW HITPOINT WARNING * * *
The gnoll hits you from afar with a +0 spear.
* * * LOW HITPOINT WARNING * * *
The gnoll barely misses you.
As you read the scroll labelled DOUBEPS LOEW, it crumbles to dust.
You feel aware of your surroundings.
You sensed 1 altar.
It was a scroll of magic mapping.
The gnoll closely misses you. x2
The gnoll throws a curare-tipped dart.
The curare-tipped dart barely misses you.
As you read the scroll labelled ZAXERU FEAGOAV, it crumbles to dust.
It is a scroll of identify.
k - a scroll of vulnerability The gnoll closely misses you.
Okay, then.
Okay, then.
The gnoll attacks as you move away! The gnoll hits you with a +0 whip!
You die...

**#.##.#+##*,,*,#...##.#....##.#.
,,..#*..,,<*,,*,#...,.......##.#.
,,..#*...,,#,,*,#...##.#.#.....#,
,,,,,*,,,,,#.,*,.....,,#.#..#...#
,,,,,*,,,..#..###)#.#*,#.#..##...
,,,,,*,*+#.#......#'##.#.#..#*#.#
****,*,*.........g...#.#.#..# *..
* ***,*...#..###g...#.#.#..#####
* *,,,,........@g...#...........
* ***,*.......##.....##.#..#####
*,*,*...##...#........#..#
*,*,,..........._...###..#
*,***,#.#....#......# #..#
*,,,*,#.#....#.....## #..#
*,,,,,#......#.#.### #..# *
*,,,,.....#....#.# *..# *
*,*,*##.#.#..###.# *,,*****


You could see 3 gnolls.

Vanquished Creatures
  Sigmund (D:2)
  A gnoll (D:2)
  2 dart slugs
  6 bats
  2 endoplasms (D:1)
  3 goblins (D:1)
  2 hobgoblins (D:1)
  3 ball pythons (D:1)
  2 frilled lizards
  4 kobolds
  3 rats
29 creatures vanquished.

Notes
Turn   | Place    | Note
-------+----------+-------------------------------------------
     0 | D:1      | NinjaNoafa the Merfolk Venom Mage began the quest for the
                  | Orb.
     0 | D:1      | Reached XP level 1. HP: 13/13 MP: 3/3
   126 | D:1      | Reached XP level 2. HP: 15/19 MP: 3/5
   222 | D:1      | You fall into a shaft and drop 1 floor!
   298 | D:2      | Noticed Jessica
   543 | D:1      | Reached XP level 3. HP: 24/24 MP: 6/6
   745 | D:2      | Noticed Sigmund
   753 | D:2      | Noticed Natasha
   760 | D:2      | Found a snail-covered altar of Cheibriados.
   796 | D:2      | Killed Sigmund
   797 | D:2      | Reached skill level 5 in Transmutations
   797 | D:2      | Reached skill level 5 in Poison Magic
   797 | D:2      | Reached XP level 4. HP: 25/31 MP: 1/7
   797 | D:2      | Reached XP level 5. HP: 29/36 MP: 1/8
   953 | D:2      | Reached skill level 1 in Fighting
   959 | D:2      | Gained mutation: You are partially covered in iridescent
                  | scales. (AC +2) [potion of mutation]
   959 | D:2      | Gained mutation: Your spells are a little easier to cast,
                  | but a little less powerful. [potion of mutation]
   964 | D:2      | Slain by a gnoll

Illustrated notes

Levels and vault maps discovered:
D:1:      saegor_arrival_simple_b, layout_rooms,
          nicolae_concentric_dashed_squares_wild, minmay_crystal_room
D:2:      cheibrodos_helix_gallery, layout_basic,
          hellmonk_ecumenical_altar_inner_sanctum, basic_altar,
          chequers_serial_rivers_micro_d, uniq_natasha, uniq_sigmund,
          uniq_crazy_yiuf_cottage, uniq_jessica

Skill      XL: |  1  2  3  4  5 |
---------------+----------------+-----
Transmutations | 2 5 |  5.0
Poison Magic   | 5 |  5.0
Dodging        | 3 |  3.0
Stealth        | 3 |  3.0
Fighting       | 1 |  1.0
Spellcasting   | |  2.0

Action                   |  1- 3 |  4- 6 || total
-------------------------+-------+-------++-------
 Fire: Sling             |    57 |     6 ||    63
 Cast: Sting             |    13 |     3 ||    16
  Use: Potion            |     2 |     3 ||     5
       Scroll            |     1 |     2 ||     3
Armor: Robe              |     4 |       ||     4
       Skin              |     7 |       ||     7
Dodge: Dodged            |    10 |     9 ||    19
Block: Other             |     1 |       ||     1

Table legend: (Time is in decaauts)
 A = Elapsed time spent in this place.
 B = Non-inter-level travel time spent in this place.
 C = Inter-level travel time spent in this place.
 D = Time resting spent in this place.
 E = Time spent auto-exploring this place.
 F = Levels seen in this place.
 G = Mean time per level.
                   A        B        C        D        E       F      G
               +--------+--------+--------+--------+--------+-----+--------+
         Total |    987 |    953 |     34 |    135 |    580 |   2 |  493.5 |
       Dungeon |    987 |    953 |     34 |    135 |    580 |   2 |  493.5 |
               +--------+--------+--------+--------+--------+-----+--------+

Top non-repeatable levels by time:
     D:1: 620 daAuts
     D:2: 366 daAuts
